 Dungeon Crawl Stone Soup version 0.27-a0-1217-g8a41f320e8 (webtiles) character file.

Game seed: 1346867396537898432

76 polve the Cutter (level 4, -5/35 HPs)
             Began as a Demonspawn Abyssal Knight on June 5, 2021.
             Was a Follower of Lugonu.
             Slain by an ice beast (7 damage)
             ... on level 3 of the Dungeon.
             The game lasted 00:01:53 (2685 turns).

polve the Cutter (Demonspawn Abyssal Knight)        Turns: 2685, Time: 00:01:54

Health: -5/35      AC:  5    Str: 13    XL:     4   Next: 12%
Magic:  5/5        EV: 10    Int: 14    God:    Lugonu [*.....]
Gold:   117        SH:  0    Dex: 12    Spells: 3/3 levels left

rFire    . . .     SeeInvis .   a - +1 short sword
rCold    . . .     Faith    .   (no shield)
rNeg     . . .     Spirit   .   e - +0 ring mail
rPois    .         Reflect  .   (no helmet)
rElec    .         Harm     .   (no cloak)
rCorr    .         Rampage  .   (no gloves)
Will     .....                  (no boots)
Stlth    +.........             k - amulet of magic regeneration
HPRegen  0.11/turn              (no ring)
MPRegen  0.43/turn              (no ring)

@: no status effects
A: magic regeneration
a: Renounce Religion, Depart the Abyss


You were on level 3 of the Dungeon.
You worshipped Lugonu.
Lugonu was aware of your devotion.
You visited 1 branch of the dungeon, and saw 3 of its levels.
You visited the Abyss 1 time.

You collected 117 gold pieces.

Inventory:

Hand Weapons
 a - a +1 short sword (weapon)
Armour
 b - a +0 leather armour
 e - a +0 ring mail (worn)
 m - a +0 cloak
 n - a +0 pair of gloves
Jewellery
 k - an amulet of magic regeneration (around neck)
Scrolls
 d - a scroll of enchant weapon {unknown}
 i - a scroll of identify {unknown}
 j - a scroll of enchant armour {unknown}
 l - a scroll of brand weapon {unknown}
Potions
 c - a potion of brilliance {unknown}
 f - a potion of invisibility {unknown}
 g - a potion of berserk rage {unknown}
 h - a potion of flight {unknown}
 o - a potion of attraction {unknown}
 p - a potion of magic {unknown}


   Skills:
 + Level 3.1 Fighting
 - Level 4.0 Short Blades
 - Level 1.7 Armour
 - Level 0.8 Dodging
 - Level 2.4 Invocations


You had 3 spell levels left.
You didn't know any spells.
Your spell library was empty.

Dungeon Overview and Level Annotations

Branches:
Dungeon (3/15)

Altars:
Elyvilon
Uskayaw

Shops:
D:1 (


Innate Abilities, Weirdness & Mutations

You regenerate magic rapidly.


Message History

The adder closely misses you.
You miss the adder.
The adder is almost dead.
The adder bites you but does no damage.
You closely miss the adder.
The adder is almost dead.
The adder barely misses you.
You miss the adder.
The adder is almost dead.
The adder bites you but does no damage.
You closely miss the adder.
The adder is almost dead.
The adder bites you but does no damage. x2
You hit the adder.
You kill the adder!
Lugonu accepts your kill.
Training target 4.0 for Short Blades reached!
Your Short Blades skill increases to level 4!
You need to enable at least one skill for training.
You have reached level 4!
You feel clever.
You hit the ball python.
You kill the ball python!
Lugonu accepts your kill.
You barely miss the ice beast.
The ice beast is lightly wounded.
The ice beast hits you but does no damage.
You hit the ice beast.
The ice beast is moderately wounded.
The ice beast hits you. The ice beast freezes you!
You hit the ice beast.
The ice beast is moderately wounded.
The ice beast hits you. The ice beast freezes you!
* * * LOW HITPOINT WARNING * * *
You hit the ice beast.
The ice beast is moderately wounded.
The ice beast hits you.
* * * LOW HITPOINT WARNING * * *
The ice beast freezes you!
You die...

..#########....#....#####.##.#
..#########....#....# #.##.#
..........#.........# #....#
..........#....##...# ######
..........#....##...#
..........#######...# ..........#
#...#
..........#######...#############
..........'...gY@.............†..
..........########.##############
..........# #.# ##........# #.#
#######'## #.# #.# #######.# #.#
#⌠_.'...# #.###⌠_.'...#
#...###8##..#


You could see an ice beast and a goblin.

Vanquished Creatures
  3 adders
  2 worms
  A dart slug (D:2)
  5 endoplasms
  A giant cockroach (D:2)
  4 goblins
  2 hobgoblins (D:2)
  4 jackals (D:2)
  2 quokkas
  5 ball pythons
  3 bats
  A frilled lizard (D:1)
  4 kobolds
  3 rats (D:2)
40 creatures vanquished.

Notes
Turn   | Place    | Note
-------+----------+-------------------------------------------
     0 | Abyss:1  | polve the Demonspawn Abyssal Knight began the quest for the
                  | Orb.
     0 | Abyss:1  | Reached XP level 1. HP: 18/18 MP: 2/2
   140 | Abyss:1  | Noticed a cane toad skeleton
   149 | Abyss:1  | Noticed a small abomination
   152 | Abyss:1  | Noticed an ancient zyme
   154 | D:1      | Escaped the Abyss
   419 | D:1      | Found a faded altar of an unknown god.
   472 | D:1      | Reached skill level 2 in Short Blades
   728 | D:1      | Found Hidwuwne's Weapon Shoppe.
   908 | D:2      | Gained mutation: You regenerate magic rapidly. [demonic
                  | ancestry]
   908 | D:2      | Reached XP level 2. HP: 24/24 MP: 3/3
  1013 | D:2      | Reached * piety under Lugonu
  1044 | D:2      | Reached skill level 3 in Short Blades
  1513 | D:2      | Reached XP level 3. HP: 19/29 MP: 4/4
  2385 | D:3      | Found a hide-covered altar of Uskayaw.
  2639 | D:3      | Noticed an ice beast
  2681 | D:3      | Reached skill level 4 in Short Blades
  2681 | D:3      | Reached XP level 4. HP: 29/35 MP: 5/5
  2685 | D:3      | Slain by an ice beast

Illustrated notes

Levels and vault maps discovered:
D:1:      shiori_shiawase, layout_rooms, serial_shops,
          nicolae_shop_behind_doors, ebering_ecumenical_altar_hall,
          minmay_door_square
D:2:      layout_basic, st_stairs_8, nicolae_underground_beach
D:3:      layout_basic, overflow_temple_1_default,
          gammafunk_temple_overflow_wave, grunt_ministairs_2, serial_park_tiny_2

Skill      XL: |  1  2  3 |
---------------+----------+-----
Short Blades   | 2 3 4 |  4.0
Fighting       | |  3.1
Armour         | |  1.7
Dodging        | |  0.8
Invocations    | |  2.4

Action                   |  1- 3 |  4- 6 || total
-------------------------+-------+-------++-------
Melee: Short sword       |   169 |     5 ||   174
Invok: Depart the Abyss  |     1 |       ||     1
Armor: Ring mail         |    70 |     1 ||    71
Dodge: Dodged            |   113 |       ||   113

Table legend: (Time is in decaauts)
 A = Elapsed time spent in this place.
 B = Non-inter-level travel time spent in this place.
 C = Inter-level travel time spent in this place.
 D = Time resting spent in this place.
 E = Time spent auto-exploring this place.
 F = Levels seen in this place.
 G = Mean time per level.
                   A        B        C        D        E       F      G
               +--------+--------+--------+--------+--------+-----+--------+
         Total |   2673 |   2623 |     50 |      0 |   2267 |   4 |  668.2 |
       Dungeon |   2519 |   2469 |     50 |      0 |   2129 |   3 |  839.7 |
         Abyss |    154 |    154 |      0 |      0 |    138 |   1 |  154.0 |
               +--------+--------+--------+--------+--------+-----+--------+

Top non-repeatable levels by time:
     D:2: 1453 daAuts
     D:1: 739 daAuts
     D:3: 327 daAuts
 Abyss:1: 154 daAuts
